NCAA
BUTLER BULLDOGS @ NEBRASKA CORNHUSKERS
04/20/2026
 
TOP OF THE 1ST
Butler Bulldogs batting - Pitching for Nebraska Cornhuskers : RHP Mike Fisher
Pitching: RHP Mike Fisher
Batting: RHB Steve West 0-0: Ball
1-0: Ball
2-0: Ball
3-0: Called Strike
3-1: Swinging Strike
3-2: Base on Balls
Batting: LHB Ralph Jackson 0-0: Ball
1-0: Foul Ball, location: 2F
1-1: Ball
2-1: Swinging Strike
2-2: Ball
3-2: Foul Ball, location: 2F
3-2: Grounds out, U3 (Groundball, 3L)
Batting: RHB Chris Miles 0-0: Called Strike
0-1: Called Strike
0-2: Ball
1-2: Strikes out swinging
Batting: RHB Rob Gilbert 0-0: Called Strike
0-1: Foul Ball, location: 2F
0-2: Strikes out looking
Top of the 1st over - 0 run(s), 0 hit(s), 0 error(s), 1 left on base; Butler 0 - Nebraska 0
BOTTOM OF THE 1ST
Nebraska Cornhuskers batting - Pitching for Butler Bulldogs : RHP Jason Spencer
Pitching: RHP Jason Spencer
Batting: RHB Tony Barton 0-0: Ball
1-0: Called Strike
1-1: Ball
2-1: Ball
3-1: Called Strike
3-2: Base on Balls
Batting: RHB Jim Heath 0-0: Ball
1-0: Ball
2-0: Ball
3-0: Called Strike
3-1: Base on Balls
Tony Barton to second
Batting: RHB Tony Long 0-0: Ball
1-0: Ball
2-0: Swinging Strike
2-1: Ball
3-1: Fly out, F8 (Flyball, 8LD)
Batting: SHB Carl Rivers 0-0: Ball
1-0: SINGLE (Groundball, 34)
Tony Barton to third
Jim Heath to second
Runner from 3rd tries for Home, SAFE, throw made at trailing runner, OUT at third!
Batting: LHB Dusty Wilson 0-0: SINGLE (Line Drive, 89S)
Carl Rivers to second
Batting: RHB Júlio Franco 0-0: Called Strike
0-1: Swinging Strike
0-2: Ball
1-2: Ground out 4-3 (Groundball, 34)
Bottom of the 1st over - 1 run(s), 2 hit(s), 0 error(s), 2 left on base; Butler 0 - Nebraska 1
TOP OF THE 2ND
Butler Bulldogs batting - Pitching for Nebraska Cornhuskers : RHP Mike Fisher
Batting: LHB Nick Hopper 0-0: SOLO HOME RUN (Flyball, 89XD), Distance : 371 ft
Batting: RHB Jorge Calderón 0-0: Ball
1-0: Ball
2-0: Called Strike
2-1: SINGLE (Groundball, 56D)
Batting: RHB Keith Stimson 0-0: Ball
1-0: Foul Ball, location: 2F
1-1: Foul Ball, location: 2F
1-2: Foul Ball, location: 2F
1-2: SINGLE (Groundball, 2L) (infield hit)
Jorge Calderón to second
Batting: LHB Carlos Gutiérrez 0-0: Ball
1-0: Ball
2-0: Ball
3-0: Base on Balls
Jorge Calderón to third
Keith Stimson to second
Batting: RHB Marv Shepard 0-0: Called Strike
0-1: Called Strike
0-2: Ball
1-2: DOUBLE (Line Drive, 78M)
Jorge Calderón scores
Keith Stimson scores
Carlos Gutiérrez to third
Batting: RHB Steve West 0-0: 3-RUN HOME RUN (Flyball, 9D), Distance : 371 ft
Batting: LHB Ralph Jackson 0-0: Called Strike
0-1: Ball
1-1: Fly out, F7 (Flyball, 78S)
Batting: RHB Chris Miles 0-0: Ball
1-0: Ball
2-0: Foul Ball, location: 2F
2-1: Foul Ball, location: 2F
2-2: Strikes out swinging
Batting: RHB Rob Gilbert 0-0: SOLO HOME RUN (Flyball, 7D), Distance : 360 ft
Batting: LHB Nick Hopper 0-0: Called Strike
0-1: Ground out 4-3 (Groundball, 4M)
Top of the 2nd over - 7 run(s), 6 hit(s), 0 error(s), 0 left on base; Butler 7 - Nebraska 1
BOTTOM OF THE 2ND
Nebraska Cornhuskers batting - Pitching for Butler Bulldogs : RHP Jason Spencer
Batting: SHB Pete Albert 0-0: Ball
1-0: Foul Ball, location: 2F
1-1: Ball
2-1: Ball
3-1: Called Strike
3-2: Foul Ball, location: 2F
3-2: Base on Balls
Batting: RHB António Rodríguez 0-0: Foul Ball, location: 2F
0-1: Swinging Strike
0-2: Ball
1-2: Ball
2-2: Strikes out swinging
Batting: LHB Phil Krieger 0-0: Ball
1-0: Called Strike
1-1: Ball
2-1: Swinging Strike
2-2: Ball
3-2: Base on Balls
Pete Albert to second
Batting: RHB Tony Barton 0-0: Ball
1-0: Ball
2-0: Ball
3-0: Called Strike
3-1: Base on Balls
Pete Albert to third
Phil Krieger to second
Batting: RHB Jim Heath 0-0: Ball
1-0: Called Strike
1-1: Foul Ball, location: 2F
1-2: Ball
2-2: Foul Ball, location: 2F
2-2: Strikes out swinging
Batting: RHB Tony Long 0-0: Swinging Strike
0-1: Called Strike
0-2: Fly out, F8 (Flyball, 8LM)
Bottom of the 2nd over - 0 run(s), 0 hit(s), 0 error(s), 3 left on base; Butler 7 - Nebraska 1
TOP OF THE 3RD
Butler Bulldogs batting - Pitching for Nebraska Cornhuskers : RHP Mike Fisher
Batting: RHB Jorge Calderón 0-0: Ball
1-0: Ball
2-0: Ball
3-0: Called Strike
3-1: Foul Ball, location: 2F
3-2: Foul Ball, location: 2F
3-2: Strikes out swinging, 2-3 out at first.
Batting: RHB Keith Stimson 0-0: Ball
1-0: Ball
2-0: Fly out, F6 (Line Drive, 6)
Batting: LHB Carlos Gutiérrez 0-0: Called Strike
0-1: Ball
1-1: Ball
2-1: Ball
3-1: Called Strike
3-2: Ground out 4-3 (Groundball, 4)
Top of the 3rd over - 0 run(s), 0 hit(s), 0 error(s), 0 left on base; Butler 7 - Nebraska 1
BOTTOM OF THE 3RD
Nebraska Cornhuskers batting - Pitching for Butler Bulldogs : RHP Jason Spencer
Batting: SHB Carl Rivers 0-0: Hit by Pitch
Batting: LHB Dusty Wilson 0-0: Called Strike
0-1: Swinging Strike
0-2: Grounds into double play, 1-6-3 (Groundball, 15S)
Batting: RHB Júlio Franco 0-0: Foul Ball, location: 2F
0-1: Ball
1-1: Swinging Strike
1-2: Strikes out swinging
Bottom of the 3rd over - 0 run(s), 0 hit(s), 0 error(s), 0 left on base; Butler 7 - Nebraska 1
TOP OF THE 4TH
Butler Bulldogs batting - Pitching for Nebraska Cornhuskers : RHP Mike Fisher
Pitching: RHP Mark Jones
Batting: RHB Marv Shepard 0-0: Ball
1-0: Foul Ball, location: 2F
1-1: Ball
2-1: Called Strike
2-2: Strikes out swinging
Batting: RHB Steve West 0-0: Ball
1-0: Called Strike
1-1: Ball
2-1: SINGLE (Groundball, 56)
Batting: LHB Ralph Jackson 0-0: Ball
1-0: Called Strike
Steve West steals 2nd base
1-1: Ball
2-1: Fly out, F8 (Popup, 6MD)
Batting: RHB Chris Miles 0-0: Ball
1-0: Ball
2-0: Called Strike
2-1: Foul Ball, location: 2F
2-2: Ball
3-2: Strikes out swinging
Top of the 4th over - 0 run(s), 1 hit(s), 0 error(s), 1 left on base; Butler 7 - Nebraska 1
BOTTOM OF THE 4TH
Nebraska Cornhuskers batting - Pitching for Butler Bulldogs : RHP Jason Spencer
Batting: SHB Pete Albert 0-0: Ball
1-0: Ball
2-0: Ball
3-0: Base on Balls
Batting: RHB António Rodríguez 0-0: Swinging Strike
0-1: Foul Ball, location: 2F
0-2: Ball
1-2: Ball
2-2: Foul Ball, location: 2F
2-2: Strikes out looking
Batting: LHB Phil Krieger 0-0: Called Strike
0-1: Ground out U3 (Groundball, 3S)
Pete Albert to second
Batting: RHB Tony Barton 0-0: Swinging Strike
0-1: DOUBLE (Groundball, 5L)
Pete Albert scores
Batting: RHB Jim Heath 0-0: Ball
1-0: Foul Ball, location: 2F
1-1: Ball
2-1: SINGLE (Groundball, 56)
Tony Barton to third
Runner from 3rd tries for Home, SAFE, no throw or cutoff
Pitching: RHP Dave Edwards
Batting: RHB Tony Long 0-0: Ball
1-0: Called Strike
1-1: Swinging Strike
1-2: Ball
2-2: Ball
3-2: Foul Ball, location: 2F
3-2: Base on Balls
Jim Heath to second
Batting: SHB Carl Rivers 0-0: Called Strike
0-1: Hit by Pitch
Jim Heath to third
Tony Long to second
Batting: LHB Dusty Wilson 0-0: Ball
1-0: Ball
2-0: Ball
3-0: Called Strike
3-1: Base on Balls
Jim Heath scores
Tony Long to third
Carl Rivers to second
Batting: RHB Júlio Franco 0-0: Called Strike
0-1: Fielders Choice at 2nd, 6-4 (Groundball, 6)
Bottom of the 4th over - 3 run(s), 2 hit(s), 0 error(s), 2 left on base; Butler 7 - Nebraska 4
TOP OF THE 5TH
Butler Bulldogs batting - Pitching for Nebraska Cornhuskers : RHP Mark Jones
Batting: RHB Rob Gilbert 0-0: Foul Ball, location: 2F
0-1: Foul Ball, location: 2F
0-2: Ball
1-2: Foul Ball, location: 2F
1-2: Strikes out looking
Batting: LHB Nick Hopper 0-0: Called Strike
0-1: Swinging Strike
0-2: Strikes out swinging
Batting: RHB Jorge Calderón 0-0: Called Strike
0-1: Foul Ball, location: 2F
0-2: Ball
1-2: Ball
2-2: Ball
3-2: Base on Balls
Batting: RHB Keith Stimson 0-0: Called Strike
0-1: Ball
1-1: Ball
2-1: Ball
3-1: Swinging Strike
3-2: Strikes out swinging
Top of the 5th over - 0 run(s), 0 hit(s), 0 error(s), 1 left on base; Butler 7 - Nebraska 4
BOTTOM OF THE 5TH
Nebraska Cornhuskers batting - Pitching for Butler Bulldogs : RHP Dave Edwards
Batting: SHB Pete Albert 0-0: Ball
1-0: Ball
2-0: Ball
3-0: Base on Balls
Batting: RHB António Rodríguez 0-0: Ball
1-0: Foul Ball, location: 2F
1-1: Foul Ball, location: 2F
1-2: Ball
2-2: Foul Ball, location: 2F
2-2: Foul Ball, location: 2F
2-2: Strikes out swinging
Batting: LHB Phil Krieger 0-0: DOUBLE (Groundball, 5L)
Pete Albert to third
Batting: RHB Tony Barton 0-0: Ground out 4-3 (Groundball, 4M)
Pete Albert scores
Phil Krieger to third
Batting: RHB Jim Heath 0-0: Fly out, F9 (Flyball, 9M)
Bottom of the 5th over - 1 run(s), 1 hit(s), 0 error(s), 1 left on base; Butler 7 - Nebraska 5
TOP OF THE 6TH
Butler Bulldogs batting - Pitching for Nebraska Cornhuskers : RHP Mark Jones
Batting: LHB Carlos Gutiérrez 0-0: Called Strike
0-1: Called Strike
0-2: Foul Ball, location: 2F
0-2: Foul Ball, location: 2F
0-2: Ground out 1-3 (Groundball, 25)
Batting: RHB Marv Shepard 0-0: Fly out, F7 (Flyball, 7M)
Batting: RHB Steve West 0-0: Called Strike
0-1: Foul Ball, location: 2F
0-2: Strikes out swinging
Top of the 6th over - 0 run(s), 0 hit(s), 0 error(s), 0 left on base; Butler 7 - Nebraska 5
BOTTOM OF THE 6TH
Nebraska Cornhuskers batting - Pitching for Butler Bulldogs : RHP Dave Edwards
Batting: RHB Tony Long 0-0: Foul Ball, location: 2F
0-1: Ball
1-1: Foul Ball, location: 2F
1-2: Foul Ball, location: 2F
1-2: Ball
2-2: Ball
3-2: Base on Balls
Batting: SHB Carl Rivers 0-0: Ball
1-0: Swinging Strike
1-1: Ball
Wild Pitch!
Tony Long to second
2-1: Called Strike
2-2: Ball
3-2: Base on Balls
Batting: LHB Dusty Wilson 0-0: Called Strike
0-1: Ball
1-1: 3-RUN HOME RUN (Flyball, 89D), Distance : 387 ft
Pitching: RHP Dusty Webb
Batting: RHB Júlio Franco 0-0: Reached on error, E4 (Groundball, 4M)
Batting: SHB Pete Albert 0-0: Intentional Walk
Batting: RHB António Rodríguez 0-0: Called Strike
0-1: Ball
1-1: Foul Ball, location: 2F
1-2: Foul Ball, location: 2F
1-2: Fly out, F4 (Popup, 4D)
Batting: LHB Phil Krieger 0-0: Grounds out, U3 (Groundball, 3L)
Júlio Franco to third
Batting: RHB Tony Barton 0-0: Foul Ball, location: 2F
0-1: DOUBLE (Line Drive, 5D)
Júlio Franco scores
Pete Albert scores
Batting: RHB Jim Heath 0-0: Foul Ball, location: 2F
0-1: Ball
1-1: SINGLE (Line Drive, 56D)
Tony Barton to third
Runner from 3rd tries for Home, SAFE, no throw or cutoff
Batting: RHB Tony Long 0-0: Called Strike
0-1: Ball
1-1: Ball
2-1: Ball
3-1: Base on Balls
Jim Heath to second
Batting: SHB Carl Rivers 0-0: Ball
1-0: Called Strike
1-1: Ground out 4-3 (Groundball, 4)
Bottom of the 6th over - 6 run(s), 3 hit(s), 1 error(s), 2 left on base; Butler 7 - Nebraska 11
TOP OF THE 7TH
Butler Bulldogs batting - Pitching for Nebraska Cornhuskers : RHP Mark Jones
Pitching: RHP John Bradley
Batting: LHB Ralph Jackson 0-0: Ball
1-0: Ball
2-0: Foul Ball, location: 2F
2-1: Swinging Strike
2-2: Strikes out looking
Batting: RHB Chris Miles 0-0: Ball
1-0: Ball
2-0: SINGLE (Line Drive, 89S)
Batting: RHB Rob Gilbert 0-0: Ball
1-0: Called Strike
1-1: Called Strike
Chris Miles steals 2nd base
1-2: Ball
2-2: Strikes out swinging
Batting: LHB Nick Hopper 0-0: Ground out 4-3 (Groundball, 4)
Top of the 7th over - 0 run(s), 1 hit(s), 0 error(s), 1 left on base; Butler 7 - Nebraska 11
BOTTOM OF THE 7TH
Nebraska Cornhuskers batting - Pitching for Butler Bulldogs : RHP Dusty Webb
Batting: LHB Dusty Wilson 0-0: Foul Ball, location: 2F
0-1: Swinging Strike
0-2: Ball
1-2: Strikes out looking
Batting: RHB Júlio Franco 0-0: Ball
1-0: Ball
2-0: Ball
3-0: Called Strike
3-1: Ground out 5-3 (Groundball, 5S)
Batting: SHB Pete Albert 0-0: Called Strike
0-1: Ball
1-1: Swinging Strike
1-2: Ball
2-2: Ball
3-2: Base on Balls
Pitching: RHP Mike Moore
Batting: RHB António Rodríguez 0-0: Foul Ball, location: 2F
0-1: Foul Ball, location: 2F
0-2: Ball
1-2: Ball
2-2: Ball
3-2: Base on Balls
Pete Albert to second
Batting: LHB Phil Krieger 0-0: Ball
1-0: Fly out, F7 (Flyball, 78M)
Bottom of the 7th over - 0 run(s), 0 hit(s), 0 error(s), 2 left on base; Butler 7 - Nebraska 11
TOP OF THE 8TH
Butler Bulldogs batting - Pitching for Nebraska Cornhuskers : RHP John Bradley
Batting: RHB Jorge Calderón 0-0: Called Strike
0-1: Ball
1-1: Ball
2-1: Ball
3-1: SINGLE (Groundball, 34D)
Batting: RHB Keith Stimson 0-0: Swinging Strike
0-1: Ball
1-1: Ball
2-1: Ball
3-1: Foul Ball, location: 2F
3-2: Foul Ball, location: 2F
3-2: Base on Balls
Jorge Calderón to second
Pitching: RHP Ronald Roark
Batting: LHB Carlos Gutiérrez 0-0: Ball
1-0: Ball
2-0: Ball
3-0: Called Strike
3-1: Foul Ball, location: 2F
3-2: SINGLE (Line Drive, 78S)
Jorge Calderón to third
Keith Stimson to second
Batting: RHB Marv Shepard 0-0: Called Strike
0-1: Foul Ball, location: 2F
0-2: Strikes out looking
Batting: RHB Steve West 0-0: Called Strike
0-1: Ball
1-1: Foul Ball, location: 2F
1-2: Foul Ball, location: 2F
1-2: Foul Ball, location: 2F
1-2: Foul Ball, location: 2F
1-2: Strikes out looking
Pitching: LHP Darryl Burgess
Batting: LHB Ralph Jackson 0-0: Ball
1-0: Swinging Strike
1-1: Foul Ball, location: 2F
1-2: Strikes out looking
Top of the 8th over - 0 run(s), 2 hit(s), 0 error(s), 3 left on base; Butler 7 - Nebraska 11
BOTTOM OF THE 8TH
Nebraska Cornhuskers batting - Pitching for Butler Bulldogs : RHP Mike Moore
Batting: RHB Tony Barton 0-0: Ball
1-0: Called Strike
1-1: Called Strike
1-2: Ball
2-2: Ball
3-2: Base on Balls
Pitching: LHP Dave Rose
Batting: RHB Jim Heath 0-0: Sac Bunt - play at first, batter OUT! 2-3
Tony Barton to second
Batting: RHB Tony Long 0-0: Intentional Walk
Batting: SHB Carl Rivers 0-0: Ball
1-0: Ball
2-0: Foul Ball, location: 2F
2-1: Ball
3-1: Foul Ball, location: 2F
3-2: Base on Balls
Tony Barton to third
Tony Long to second
Batting: LHB Dusty Wilson 0-0: Ball
1-0: Called Strike
1-1: GRAND SLAM HOME RUN (Flyball, 9D), Distance : 363 ft
Batting: RHB Júlio Franco 0-0: Ball
1-0: Called Strike
1-1: Swinging Strike
1-2: Ball
2-2: Foul Ball, location: 2F
2-2: Ball
3-2: Foul Ball, location: 2F
3-2: Strikes out swinging
Batting: SHB Pete Albert 0-0: Foul Ball, location: 2F
0-1: Ball
1-1: Fly out, F8 (Flyball, 8RM)
Bottom of the 8th over - 4 run(s), 1 hit(s), 0 error(s), 0 left on base; Butler 7 - Nebraska 15
TOP OF THE 9TH
Butler Bulldogs batting - Pitching for Nebraska Cornhuskers : LHP Darryl Burgess
Batting: RHB Chris Miles 0-0: Foul Ball, location: 2F
0-1: Foul Ball, location: 2F
0-2: Ball
1-2: Strikes out looking
Batting: RHB Rob Gilbert 0-0: Ball
1-0: Foul Ball, location: 2F
1-1: Ball
2-1: Ground out 6-3 (Groundball, 6)
Batting: LHB Nick Hopper 0-0: Fly out, F7 (Line Drive, 7M)
Top of the 9th over - 0 run(s), 0 hit(s), 0 error(s), 0 left on base; Butler 7 - Nebraska 15
Monday, December 5th, 2016 - OOTP Baseball 17.12 Build 75